 Dungeon Crawl Stone Soup version 0.30-a0-605-gb2882149bf (webtiles) character file.

Game seed: 7661362669424651007

147 OTABOTABOTAB the Insei (level 5, -2/33 HPs)
             Began as an Octopode Transmuter on Jan 7, 2023.
             Slain by an orc
             ... wielding a +0 trident
              (4 damage)
             ... on level 4 of the Dungeon.
             The game lasted 00:04:10 (2596 turns).

OTABOTABOTAB the Insei (Octopode Transmuter)        Turns: 2596, Time: 00:04:11

Health: -2/33      AC:  1    Str: 15    XL:     5   Next: 29%
Magic:  6/8        EV: 13    Int: 23    God:
Gold:   24         SH:  5    Dex: 13    Spells: 1/8 levels left

rFire   . . .      SeeInvis .      - Unarmed
rCold   . . .      Faith    .    (no shield)
rNeg    . . .      Spirit   .    (helmet currently unavailable)
rPois   .          Reflect  +    k - amulet of reflection
rElec   .          Harm     .    I - +6 ring of intelligence
rCorr   .          Rampage  .    m - +6 ring of strength
Will    .....                    (no ring)
Stlth   ++                       (no ring)
HPRegen 0.25/turn                (no ring)
MPRegen 0.11/turn                (no ring)
                                 (no ring)
                                 (no ring)

@: appendages, wereblooded
A: tentacle spike 3, almost no armour, amphibious, 8 rings, camouflage 1,
gelatinous body 1, (nimble swimmer 1), tentacles
a: End Transformation


You were on level 4 of the Dungeon.
One of your tentacles had grown a beastly spike.
You visited 1 branch of the dungeon, and saw 4 of its levels.

You collected 160 gold pieces.
You spent 136 gold pieces at shops.

Inventory:

Missiles
 s - 11 stones
Armour
 q - a +0 buckler
   (You bought it in a shop on level 2 of the Dungeon)
Jewellery
 k - an amulet of reflection (around mantle)
   (You found it on level 2 of the Dungeon)
 m - a +6 ring of strength (right tentacle)
   (You found it on level 3 of the Dungeon)
 I - a +6 ring of intelligence (left tentacle)
   (You found it on level 1 of the Dungeon)
Wands
 d - a wand of digging (6)
   (You found it on level 3 of the Dungeon)
Scrolls
 h - 2 scrolls of butterflies
 i - a scroll of enchant armour
 n - 2 scrolls of noise {!r}
 D - a scroll of blinking {!r}
 E - a scroll of fear
 K - a scroll of immolation {!r}
 V - a scroll of vulnerability {!r!r}
 Y - a scroll of teleportation {@r3}
Potions
 e - 3 potions of degeneration {!q}
 l - a potion of cancellation
 p - 2 potions of attraction {!q}
 N - a potion of heal wounds {@q2}
 P - a potion of lignification {!q}


   Skills:
 - Level 1.0 Fighting
 - Level 2.0 Dodging
 + Level 4.1 Unarmed Combat
 - Level 2.0 Spellcasting
 + Level 3.4 Transmutations
 + Level 2.5 Ice Magic


You had one spell level left.
You knew the following spells:

 Your Spells              Type           Power      Damage    Failure   Level
a - Beastly Appendage     Tmut           36%        N/A       3%          1
b - Wereblood             Tmut           18%        N/A       4%          2
c - Ice Form              Ice/Tmut       16%        N/A       36%         4

Your spell library contained the following spells:

 Spells                   Type           Power      Damage    Failure   Level
 Spider Form              Tmut/Pois      10%        N/A       19%         3


Dungeon Overview and Level Annotations

Branches:
Dungeon (4/15)
 Temple: D:4-7

Altars:
Vehumet

Shops:
D:2 ***


Innate Abilities, Weirdness & Mutations

One of your tentacles has grown a beastly spike.
You cannot wear most types of armour.
You are amphibious.
You can wear up to eight rings at the same time.
Your skin changes colour to match your surroundings (Stealth+).
Your rubbery body absorbs attacks. (AC +1, EV +1)
((You are camouflaged when in or above water. (Stealth+)))
You have tentacles for arms and can constrict up to eight enemies at once.


Message History

You climb upwards.
There is a stone staircase leading down here.
You see here a bat skeleton.
There is an open door here.
There is a stone staircase leading down here.
You climb downwards.
The orc wizard shouts!
There is a stone staircase leading up here.
One of your tentacles grows a vicious spike.
The orc shouts!
You hear a shout!
You now have 6/7 mp.
Your blood is infused with primal strength.
The kobold barely misses you.
You now have 4/7 mp.
You tentacle-slap the kobold.
You kill the kobold!
Unknown command.
Things that are here:
a +0 short sword; a kobold corpse You bludgeon the orc!
You kill the orc!
You howl as the wereblood boils in your veins!
You hear a shout! x4
You closely miss the orc wizard. You grab the orc wizard.
You tentacle-slap the orc wizard, but do no damage.
You constrict the orc wizard.
The orc wizard hits you with a +0 dagger.
You take 2 damage, and have 26/28 hp.
Unknown command.
You bludgeon the orc wizard!
You squeeze the orc wizard, but do no damage.
You constrict the orc wizard, but do no damage.
The orc wizard hits you with a +0 dagger.
You take 2 damage, and have 24/28 hp.
You tentacle-slap the orc wizard but do no damage.
You pierce the orc wizard.
You constrict the orc wizard.
You feel a bit better.
You kill the orc wizard!
Your Unarmed Combat skill increases to level 4!
You have reached level 5!
You feel agile.
You regained 6 hp, and now have 30/33 hp.
You howl as the wereblood boils in your veins!
You hear a shout! x2
Your primal bloodlust is almost over.
Your transformation is almost over.
Your primal bloodlust has ended.
Your tentacle spike disappears.
Items here: )) [ †.
An orc wizard and 2 orcs come into view.
The orc wizard shouts!
Health restored: 33; MP restored: 8
There are monsters nearby!
An orc comes into view. It is wielding a +0 dagger.
Your blood is infused with primal strength.
The orc shouts!
An orc wizard comes into view. It is wielding a +0 dagger.
The orc hits you from afar with a +0 trident.
You take 5 damage, and have 28/33 hp.
You now have 6/8 mp.
One of your tentacles grows a vicious spike.
You block the orc's attack.
You now have 5/8 mp.
The orc completely misses you.
You barely miss the orc wizard. Your grab misses the orc wizard.
You pierce the orc wizard.
The orc wizard mumbles some strange words.
The orc wizard flickers and vanishes!
Deactivating autopickup; reactivate with Ctrl-A.
An orc comes into view. It is wielding a +0 short sword.
The orc closely misses you. You block the orc wizard's attack.
The orc hits you from afar with a +0 trident!
You take 8 damage, and have 20/33 hp.
MASSIVE DAMAGE!!
You barely miss the orc wizard. Your grab misses the orc wizard.
The orc wizard hits you with a +0 dagger.
The orc closely misses you.
You take 2 damage, and have 18/33 hp.
You are too injured to fight recklessly!
You are too injured to fight recklessly!
Unknown command.
You tentacle-slap the orc wizard but do no damage.
Your grab misses the orc wizard. You tentacle-slap the orc wizard.
The orc hits you with a +0 trident! You block the orc wizard's attack.
You take 7 damage, and have 11/33 hp.
MASSIVE DAMAGE!!
You tentacle-slap the orc wizard. You grab the orc wizard.
You pierce the orc wizard.
You constrict the orc wizard.
You feel a bit better.
You kill the orc wizard!
You block the orc's attack.
You regained 2 hp, and now have 13/33 hp.
You tentacle-slap the orc. You grab the orc. You constrict the orc.
The orc hits you with a +0 trident!
* * * LOW HITPOINT WARNING * * *
Something hits you.
* * * LOW HITPOINT WARNING * * *
You take 10 damage, and have 3/33 hp.
MASSIVE DAMAGE!!
You release your grip on the orc.
Something hits you.
* * * LOW HITPOINT WARNING * * *
The orc hits you from afar with a +0 trident.
You die...

# #
.##########
.........<#
#.######)#
#.# #.# #.#
#)# #.# #.#
...###o##.#
....oo).@.#
...#o######


You could see 4 orcs.

Vanquished Creatures
  2 orc wizards (D:4)
  3 adders
  2 worms
  2 dart slugs
  5 orcs
  8 bats
  7 endoplasms
  A giant cockroach (D:2)
  7 goblins
  6 hobgoblins
  4 kobolds
  2 quokkas
  2 ball pythons (D:3)
  2 frilled lizards (D:1)
  2 rats (D:1)
55 creatures vanquished.

Notes
Turn   | Place    | Note
-------+----------+-------------------------------------------
     0 | D:1      | OTABOTABOTAB the Octopode Transmuter began the quest for
                  | the Orb.
     0 | D:1      | Reached XP level 1. HP: 13/13 MP: 3/3
    71 | D:1      | Reached XP level 2. HP: 10/18 MP: 5/5
   180 | D:1      | Reached skill level 1 in Ice Magic
   640 | D:2      | Reached XP level 3. HP: 23/23 MP: 6/6
   783 | D:2      | Found Qatat's Assorted Antiques.
   846 | D:2      | Bought a scroll labelled VABBI UHIG for 21 gold pieces
   957 | D:2      | Found a faded altar of an unknown god.
  1157 | D:2      | Found Cokosata's Assorted Antiques.
  1167 | D:2      | Bought a scroll labelled XOBLEH PIRUNIO for 31 gold pieces
  1212 | D:2      | Found Ritemuh's General Store.
  1220 | D:2      | Bought a scroll of identify for 26 gold pieces
  1423 | D:2      | Reached XP level 4. HP: 25/28 MP: 7/7
  1441 | D:2      | Learned a level 2 spell: Wereblood
  1446 | D:2      | Learned a level 4 spell: Ice Form
  1667 | D:3      | Reached skill level 3 in Transmutations
  1669 | D:3      | Reached skill level 2 in Ice Magic
  1773 | D:3      | Found a radiant altar of Vehumet.
  2320 | D:2      | Bought a +0 buckler for 58 gold pieces
  2555 | D:4      | Reached skill level 4 in Unarmed Combat
  2555 | D:4      | Reached XP level 5. HP: 30/33 MP: 4/8
  2595 | D:4      | HP: 6/33 [orc/+0 trident (7)]
  2596 | D:4      | HP: 1/33 [something (2)]
  2596 | D:4      | Slain by an orc

Illustrated notes

Levels and vault maps discovered:
D:1:      dpeg_arrival_windows_large_door, layout_rooms
D:2:      layout_basic, ebering_ecumenical_altar_ruins, serial_shops,
          nicolae_diamond_shop, shop_statue, nicolae_shop_overgrown_old_shop,
          hex_large
D:3:      layout_basic, mainiacjoe_overflow_boulevard
D:4:      layout_loops_ring, mainiacjoe_overflow_alcove_1

Skill      XL: |  1  2  3  4 |
---------------+-------------+-----
Ice Magic      | 1 2 |  2.5
Transmutations | 3 |  3.4
Unarmed Combat | 4 |  4.1
Fighting       | |  1.0
Dodging        | |  2.0
Spellcasting   | |  2.0

Action                   |  1- 3 |  4- 6 || total
-------------------------+-------+-------++-------
Melee: Unarmed           |    65 |    54 ||   119
       Kick              |     5 |     6 ||    11
       Constrict         |    13 |    17 ||    30
       Tentacles         |    12 |    13 ||    25
       Punch             |     3 |     2 ||     5
Throw: Stone             |     2 |       ||     2
 Cast: Beastly Appendage |     3 |     7 ||    10
       Wereblood         |       |     3 ||     3
 Abil: End Transformatio |       |     4 ||     4
  Use: Scroll            |       |    12 ||    12
 Stab: Sleeping          |     4 |       ||     4
Armor: Skin              |     3 |     5 ||     8
Dodge: Dodged            |    36 |    29 ||    65
Block: Other             |       |     4 ||     4

Table legend: (Time is in decaauts)
 A = Elapsed time spent in this place.
 B = Non-inter-level travel time spent in this place.
 C = Inter-level travel time spent in this place.
 D = Time resting spent in this place.
 E = Time spent auto-exploring this place.
 F = Levels seen in this place.
 G = Mean time per level.
                   A        B        C        D        E       F      G
               +--------+--------+--------+--------+--------+-----+--------+
         Total |   2587 |   2321 |    266 |    135 |   1841 |   4 |  646.8 |
       Dungeon |   2587 |   2321 |    266 |    135 |   1841 |   4 |  646.8 |
               +--------+--------+--------+--------+--------+-----+--------+

Top non-repeatable levels by time:
     D:2: 1137 daAuts
     D:3: 827 daAuts
     D:1: 570 daAuts
     D:4: 51 daAuts

Table legend:
 A = Kills in this place as a percentage of kills in entire the game.
 B = Kills by you in this place as a percentage of kills by you in the entire game.
 C = Kills by friends in this place as a percentage of kills by friends in the entire game.
 D = Other kills in this place as a percentage of other kills in the entire game.
 E = Experience gained in this place as a percentage of experience gained in the entire game.
 F = Experience gained in this place divided by the number of levels of this place that you have seen.
                   A       B       C       D       E      F
               +-------+-------+-------+-------+-------+----------------------
         Total | 100.0 | 100.0 |   N/A |   N/A | 100.0 |  52.8
       Dungeon | 100.0 | 100.0 |   N/A |   N/A | 100.0 |  52.8
               +-------+-------+-------+-------+-------+----------------------
